 Dungeon Crawl Stone Soup version 0.30-a0-937-ga0a21ad780 (webtiles) character file.

Game seed: 15816666823677357899

30 2tousent the Vexing (level 3, 0/15 HPs)
             Began as a Felid Enchanter on Mar 25, 2023.
             Slain by an adder (3 damage)
             ... on level 2 of the Dungeon.
             The game lasted 00:01:29 (1030 turns).

2tousent the Vexing (Felid Enchanter)               Turns: 1030, Time: 00:01:29

Health: 0/15       AC:  1    Str:  4    XL:     3   Next: 5%
Magic:  7/7        EV: 18    Int: 16    God:
Gold:   39         SH:  0    Dex: 18    Spells: 6/6 levels left
                                        Lives:  0   Deaths: 0

rFire   . . .      SeeInvis +      - Unarmed
rCold   . . .      Faith    .    (shield unavailable)
rNeg    . . .      Spirit   .    (body armour unavailable)
rPois   .          Reflect  .    (helmet unavailable)
rElec   .          Rampage  .    (cloak unavailable)
rCorr   .                        (gloves unavailable)
Will    .....                    (boots unavailable)
Stlth   +++                      (no amulet)
HPRegen 0.22/turn                (no ring)
MPRegen 0.10/turn                (no ring)

@: quick
A: very small, claws 1, fangs 3, see invisible, speed 1, shaggy fur 1, stealthy
paws, no weapons or thrown items, no armour, multi-lived
a: no special abilities


You were on level 2 of the Dungeon.
You visited 1 branch of the dungeon, and saw 2 of its levels.

You collected 39 gold pieces.

Inventory:

Jewellery
 i - a ring of wizardry
Scrolls
 b - a scroll of teleportation {unknown}
 c - a scroll of noise {unknown}
 d - a scroll of immolation {unknown}
 g - a scroll of fear {unknown}
 j - a scroll of brand weapon {unknown}
Potions
 a - 2 potions of invisibility
 e - a potion of berserk rage {unknown}
 f - a potion of brilliance {unknown}
 h - a potion of heal wounds {unknown}


   Skills:
 + Level 0.9 Fighting
 + Level 3.2 Dodging
 + Level 4.3 Stealth
 + Level 1.4 Unarmed Combat
 + Level 2.2 Spellcasting
 + Level 4.6 Hexes


You had 6 spell levels left.
You didn't know any spells.
Your spell library contained the following spells:

 Spells                   Type           Power      Damage    Failure   Level
 Confusing Touch          Hex            16%        N/A       9%          3
 Tukima's Dance           Hex            16%        N/A       9%          3
 Ensorcelled Hibernation  Hex/Ice        18%        N/A       12%         2
 Dazzling Flash           Conj/Hex       18%        N/A       24%         3
 Static Discharge         Conj/Air       2%         2-3/arc   30%         2
 Vhi's Electric Charge    Tloc/Air       2%         N/A       52%         3
 Arcjolt                  Conj/Air       0%         1d10      99%         5
 Plasma Beam              Fire/Air       0%         2x1d11    99%         5


Dungeon Overview and Level Annotations

Branches:
Dungeon (2/15)

Altars:


Innate Abilities, Weirdness & Mutations

You have sharp claws.
You have razor-sharp teeth.
You have supernaturally acute eyesight. (SInv)
You cover ground quickly. (Speed+)
You are covered in fur. (AC +1)
Your paws help you pounce on unaware monsters.
You are incapable of wielding weapons or throwing items.
You cannot wear armour.
You gain extra lives every three experience levels.


Message History

Done exploring.
Done exploring.
Done exploring.
You don't know any spells.
You see here a +0 mace.
There is a stone staircase leading down here.
You climb downwards.
Found 15 gold pieces.
There is a stone staircase leading up here.
The goblin shouts!
The adder barely misses you.
You don't know any spells.
You scratch the adder but do no damage. The adder misses you.
You scratch the adder.
The adder is moderately wounded.
The adder misses you.
You closely miss the adder.
The adder is moderately wounded.
The adder closely misses you. The goblin hits you with a +0 club.
You miss the adder.
The adder is moderately wounded.
The adder barely misses you. The goblin hits you with a +0 club.
You scratch the adder but do no damage.
The adder is moderately wounded.
The adder bites you. The goblin completely misses you.
The adder closely misses you.
You completely miss the adder.
The adder is lightly wounded.
The adder closely misses you. The goblin hits you with a +0 club.
* * * LOW HITPOINT WARNING * * *
You barely miss the adder. You bite the adder.
The adder is moderately wounded.
The adder misses you. The goblin closely misses you.
You scratch the adder.
The adder is heavily wounded.
The adder closely misses you. The goblin closely misses you.
You scratch the adder.
The adder is almost dead.
The adder bites you.
You die...

# #. .# #.#####
#... ##.....##
...##
##.......##..#..
#..............
#......S.....###
#......@g..#....
#............#
#.....$.<.####
##..............
#.........######
#.........#
#.........#
#.........#
#.........#


You could see an adder and a goblin.

Vanquished Creatures
  A dart slug (D:1)
  3 ball pythons (D:1)
  2 bats (D:1)
  3 endoplasms (D:1)
  4 giant cockroaches (D:1)
  4 hobgoblins (D:1)
  A frilled lizard (D:1)
  4 kobolds (D:1)
  3 rats (D:1)
25 creatures vanquished.

Notes
Turn   | Place    | Note
-------+----------+-------------------------------------------
     0 | D:1      | 2tousent the Felid Enchanter began the quest for the Orb.
     0 | D:1      | Reached XP level 1. HP: 7/7 MP: 4/4
   212 | D:1      | Reached XP level 2. HP: 7/12 MP: 6/6
   943 | D:1      | Reached XP level 3. HP: 14/15 MP: 7/7
  1030 | D:2      | Slain by an adder

Illustrated notes

Levels and vault maps discovered:
D:1:      evilmike_arrival_hilbert_curve, layout_loops_ring,
          minmay_misc_feat_more_columns, corner_web_ring
D:2:      layout_rooms

Skill      XL: |  1  2 |
---------------+-------+-----
Dodging        | 3 |  3.2
Fighting       | |  0.9
Stealth        | |  4.3
Unarmed Combat | |  1.4
Spellcasting   | |  2.2
Hexes          | |  4.6

Action                     || total
---------------------------++-------
  Melee: Unarmed           ||    76
         Bite              ||     6
   Stab: Sleeping          ||    10
 Armour: Skin              ||     3
  Dodge: Dodged            ||    45

Table legend: (Time is in decaauts)
 A = Elapsed time spent in this place.
 B = Non-inter-level travel time spent in this place.
 C = Inter-level travel time spent in this place.
 D = Time resting spent in this place.
 E = Time spent auto-exploring this place.
 F = Levels seen in this place.
 G = Mean time per level.
                   A        B        C        D        E       F      G
               +--------+--------+--------+--------+--------+-----+--------+
         Total |    867 |    839 |     28 |     10 |    658 |   2 |  433.5 |
       Dungeon |    867 |    839 |     28 |     10 |    658 |   2 |  433.5 |
               +--------+--------+--------+--------+--------+-----+--------+

Top non-repeatable levels by time:
     D:1: 857 daAuts
     D:2: 9 daAuts
